 Dungeon Crawl Stone Soup version 0.24.0-13-gcf9b3192b9 (webtiles) character file.

Game seed: 3095524590404034570, levelgen mode: deterministic

615009 MTVSty1e the Axe Maniac (level 26, -5/261 HPs)
             Began as a Minotaur Fighter on Nov 3, 2019.
             Was an Initiate of Gozag.
             Slain by a tentacled monstrosity (8 damage)
             ... on level 3 of the Realm of Zot on Nov 6, 2019.
             The game lasted 02:47:56 (59595 turns).

MTVSty1e the Axe Maniac (Minotaur Fighter)         Turns: 59595, Time: 02:47:57

Health: -5/261     AC: 27    Str: 33    XL:     26   Next: 35%
Magic:  9/19       EV: 19    Int:  7    God:    Gozag
Gold:   4893       SH: 36    Dex: 13    Spells: 25/25 levels left

rFire    + + +     SeeInvis .   n - +9 broad axe (vamp)
rCold    + . .     Gourm    .   M - +18 shield of the Gong {rElec rN+ MR+ EV-5}
rNeg     + + +     Faith    .   U - +3 faerie dragon scales {rElec rN+ rCorr Dex+2}
rPois    +         Spirit   .   D - +1 hat
rElec    +         Reflect  .   c - +0 cloak {MR+}
rCorr    +         Harm     .   X - +2 pair of gloves {Str+3}
MR       ++++.     Rnd*Tele +   z - +2 pair of boots {run}
Stlth    +.........             R - amulet of Sloth {rPois rF++ Regen+}
HPRegen  0.93/turn              I - ring "Zankemyh" {rC+ rN+ MR+}
MPRegen  0.16/turn              H - ring of protection from fire

@: gold aura, slowed, studying 2 skills, very slow
A: retaliatory headbutt, horns 2, clever 1, low mp 1, teleportitis 1, weak 1, no
potion heal 1
}: 4/15 runes: decaying, serpentine, slimy, silver
a: Potion Petition, Call Merchant, Bribe Branch, Renounce Religion


You were on level 3 of the Realm of Zot.
You worshipped Gozag.
Gozag was most pleased with you.
You were full.

You visited 10 branches of the dungeon, and saw 52 of its levels.
You visited 1 bazaar.
You also visited: Sewer, Ossuary, Gauntlet and Desolation.

You collected 31843 gold pieces.
You spent 5395 gold pieces at shops.
You paid 21555 gold pieces to Gozag.

Inventory:

Hand Weapons
 n - a +9 vampiric broad axe (weapon)
Armour
 c - a +0 cloak of magic resistance (worn)
 z - a +2 pair of boots of running (worn)
 D - a +1 hat (worn)
 M - the +18 shield of the Gong (worn) {rElec rN+ MR+ EV-5}
   (You found it in the Desolation of Salt)

   It affects your evasion (-5).
   It insulates you from electricity.
   It protects you from negative energy.
   It affects your resistance to hostile enchantments.
 U - the +3 faerie dragon scales (worn) {rElec rN+ rCorr Dex+2}
   (You took it off the Enchantress on level 5 of the Depths)

   It affects your dexterity (+2).
   It insulates you from electricity.
   It protects you from negative energy.
   It provides partial protection from all sources of acid and corrosion.
 X - a +2 pair of gloves of strength (worn)
Jewellery
 b - the ring "Acisi Luse" {rC+ Int+3 Dex+6}
   (You found it on level 9 of the Dungeon)

   [ring of intelligence]

   It affects your intelligence (+3).
   It affects your dexterity (+6).
   It protects you from cold.
 e - an uncursed ring of see invisible
 j - an uncursed ring of flight
 B - the amulet of Sizejoke {Acrobat +Blink rF- Slay+6}
   (You took it off a fire giant on level 4 of the Depths)

   [amulet of the acrobat]

   It helps you evade while moving and waiting.
   It affects your accuracy and damage with ranged weapons and melee attacks
   (+6).
   It makes you vulnerable to fire.
   It lets you blink.
 H - a ring of protection from fire (right hand)
 I - the ring "Zankemyh" (left hand) {rC+ rN+ MR+}
   (You found it on level 5 of the Vaults)

   [ring of protection from magic]

   It protects you from cold.
   It protects you from negative energy.
   It affects your resistance to hostile enchantments.
 R - the amulet of Sloth (around neck) {rPois rF++ Regen+}
   (You found it in the Desolation of Salt)

   [amulet of regeneration]

   It greatly protects you from fire.
   It protects you from poison.
   It increases your rate of regeneration.
 Z - the ring of Ocius {MR+ Int+3 Dex+2}
   (You bought it in a shop on level 3 of the Snake Pit)

   [ring of intelligence]

   It affects your intelligence (+3).
   It affects your dexterity (+2).
   It affects your resistance to hostile enchantments.
Wands
 q - a wand of disintegration (56)
 s - a wand of flame (164)
 t - a wand of scattershot (6)
 y - a wand of polymorph (33)
 K - a wand of digging (8)
 L - a wand of paralysis (35)
 S - a wand of enslavement (26)
 Y - a wand of acid (9)
Scrolls
 i - a scroll of enchant weapon
 k - 27 scrolls of teleportation
 l - 2 scrolls of blinking
 p - 16 scrolls of remove curse
 x - 11 scrolls of fog
 A - 10 scrolls of fear
 E - a scroll of summoning
 G - 12 scrolls of enchant armour
 J - 3 scrolls of magic mapping
 Q - 6 scrolls of amnesia
 W - 6 scrolls of identify
Potions
 a - 2 potions of berserk rage
 d - 8 potions of brilliance
 g - 5 potions of haste
 h - 23 potions of curing
 m - 5 potions of resistance
 r - 11 potions of agility
 u - 3 potions of heal wounds
 v - 3 potions of flight
 w - 2 potions of might
 C - 12 potions of lignification
 N - 3 potions of ambrosia
 T - 3 potions of invisibility
Books
 F - a manual of Shields
 O - a manual of Unarmed Combat
Comestibles
 f - 63 rations


   Skills:
 * Level 26.3 Fighting
 O Level 27 Axes
 + Level 25.1 Armour
 + Level 19.8 Dodging
 + Level 22.8 Shields


You had 25 spell levels left.
You didn't know any spells.
Your spell library contained the following spells:

 Spells                   Type           Power        Failure   Level  Hunger
 Animate Skeleton         Necr           N/A          45%         1    ##.....
 Apportation              Tloc           #.....       45%         1    ##.....
 Beastly Appendage        Tmut           #.....       45%         1    ##.....
 Corona                   Hex            #......      45%         1    ##.....
 Flame Tongue             Conj/Fire      #....        45%         1    ##.....
 Freeze                   Ice            #...         45%         1    ##.....
 Infusion                 Chrm           #...         45%         1    ##.....
 Magic Dart               Conj           #...         45%         1    ##.....
 Pain                     Necr           #...         45%         1    ##.....
 Sandblast                Erth           #.....       45%         1    ##.....
 Shock                    Conj/Air       #...         45%         1    ##.....
 Blink                    Tloc           N/A          58%         2    ###....
 Call Imp                 Summ           #.......     58%         2    ###....
 Corpse Rot               Necr           N/A          58%         2    ###....
 Ensorcelled Hibernation  Hex/Ice        #.....       58%         2    ###....
 Passwall                 Tmut/Erth      #.......     58%         2    ###....
 Poisonous Vapours        Pois/Air       #.....       58%         2    ###....
 Searing Ray              Conj           #.....       58%         2    ###....
 Slow                     Hex            #.......     58%         2    ###....
 Sticks to Snakes         Tmut           #.......     58%         2    ###....
 Sublimation of Blood     Necr           #.........   58%         2    ###....
 Swiftness                Chrm/Air       #.......     58%         2    ###....
 Throw Frost              Conj/Ice       #.....       58%         2    ###....
 Confuse                  Hex            #.......     83%         3    ####...
 Conjure Flame            Conj/Fire      #.......     83%         3    ####...
 Dazzling Spray           Conj/Hex       #.....       83%         3    ####...
 Gell's Gravitas          Tloc           #.........   83%         3    ####...
 Inner Flame              Hex/Fire       #.......     83%         3    ####...
 Mephitic Cloud           Conj/Pois/Air  #.......     83%         3    ####...
 Ozocubu's Armour         Chrm/Ice       #.......     83%         3    ####...
 Portal Projectile        Hex/Tloc       #.....       83%         3    ####...
 Recall                   Summ/Tloc      N/A          83%         3    ####...
 Regeneration             Chrm/Necr      #.........   83%         3    ####...
 Spectral Weapon          Hex/Chrm       #.......     83%         3    ####...
 Spider Form              Tmut/Pois      #.........   83%         3    ####...
 Static Discharge         Conj/Air       #.......     83%         3    ####...
 Stone Arrow              Conj/Erth      #.....       83%         3    ####...
 Tukima's Dance           Hex            #.......     83%         3    ####...
 Vampiric Draining        Necr           #.........   83%         3    ####...
 Airstrike                Air            #.........   99%         4    #####..
 Animate Dead             Necr           N/A          99%         4    #####..
 Cause Fear               Hex            #.........   99%         4    #####..
 Force Lance              Conj/Tloc      #.......     99%         4    #####..
 Fulminant Prism          Conj/Hex       #.........   99%         4    #####..
 Ice Form                 Ice/Tmut       #.......     99%         4    #####..
 Iskenderun's Mystic Bla  Conj           #.......     99%         4    #####..
 Leda's Liquefaction      Hex/Erth       #.........   99%         4    #####..
 Petrify                  Tmut/Erth      #.......     99%         4    #####..
 Sticky Flame             Conj/Fire      #.......     99%         4    #####..
 Summon Ice Beast         Ice/Summ       #.......     99%         4    #####..
 Summon Lightning Spire   Summ/Air       #.......     99%         4    #####..
 Throw Icicle             Conj/Ice       #.......     99%         4    #####..
 Agony                    Necr           #.......     100%        5    ######.
 Aura of Abjuration       Summ           #.........   100%        5    ######.
 Blade Hands              Tmut           #.........   100%        5    ######.
 Bolt of Draining         Conj/Necr      #.........   100%        5    ######.
 Bolt of Magma            Conj/Fire/Erth #.........   100%        5    ######.
 Borgnjor's Vile Clutch   Necr/Erth      #.........   100%        5    ######.
 Dispel Undead            Necr           #.......     100%        5    ######.
 Excruciating Wounds      Chrm/Necr      #.........   100%        5    ######.
 Irradiate                Conj/Tmut      #.........   100%        5    ######.
 Iskenderun's Battlesphe  Conj/Chrm      #.......     100%        5    ######.
 Lee's Rapid Deconstruct  Erth           #.........   100%        5    ######.
 Lightning Bolt           Conj/Air       #.........   100%        5    ######.
 Metabolic Englaciation   Hex/Ice        #.........   100%        5    ######.
 Silence                  Hex/Air        #.........   100%        5    ######.
 Summon Demon             Summ           #.........   100%        5    ######.
 Summon Forest            Summ/Tloc      #.........   100%        5    ######.
 Summon Mana Viper        Hex/Summ       #.......     100%        5    ######.
 Venom Bolt               Conj/Pois      #.........   100%        5    ######.
 Bolt of Cold             Conj/Ice       #.........   100%        6    #######
 Bolt of Fire             Conj/Fire      #.........   100%        6    #######
 Conjure Ball Lightning   Conj/Air       #.........   100%        6    #######
 Darkness                 Hex            #.........   100%        6    #######
 Death Channel            Necr           #.........   100%        6    #######
 Deflect Missiles         Chrm/Air       #.........   100%        6    #######
 Dispersal                Tloc           #.........   100%        6    #######
 Freezing Cloud           Conj/Ice/Air   #.........   100%        6    #######
 Hydra Form               Tmut           #.........   100%        6    #######
 Iron Shot                Conj/Erth      #.........   100%        6    #######
 Ozocubu's Refrigeration  Ice            #.........   100%        6    #######
 Shadow Creatures         Summ           N/A          100%        6    #######
 Simulacrum               Ice/Necr       #.........   100%        6    #######
 Statue Form              Tmut/Erth      #........    100%        6    #######
 Dragon Form              Tmut           #.........   100%        7    #######
 Malign Gateway           Summ/Tloc      #.........   100%        7    #######
 Monstrous Menagerie      Summ           #.........   100%        7    #######
 Orb of Destruction       Conj           #.........   100%        7    #######
 Ring of Flames           Chrm/Fire      #.........   100%        7    #######
 Spellforged Servitor     Conj/Summ      #.........   100%        7    #######
 Summon Greater Demon     Summ           #.........   100%        7    #######
 Ignition                 Fire           #.........   100%        8    #######
 Summon Horrible Things   Summ           #.........   100%        8    #######
 Dragon's Call            Summ           #.........   100%        9    #######
 Shatter                  Erth           #.........   100%        9    #######
 Tornado                  Air            #.........   100%        9    #######


Dungeon Overview and Level Annotations

Branches:
Dungeon (15/15)            Temple (0/1) D:4            Lair (6/6) D:9
  Swamp (4/4) Lair:3        Snake (4/4) Lair:4        Slime (5/5) Lair:6
    Orc (2/2) D:12            Elf (3/3) Orc:2        Vaults (5/5) D:13
  Crypt (0/3) Vaults:3     Depths (5/5) D:15            Zot (3/5) Depths:5
  Sewer (visited)         Ossuary (visited)         Desolation (visited)
Gauntlet (visited)

Altars:
Ashenzari
Cheibriados
Dithmenos
Elyvilon
Fedhas
Gozag
Hepliaklqana
Kikubaaqudgha
Makhleb
Nemelex Xobeh
Qazlal
Ru
Sif Muna
Wu Jian
Xom
Zin
The Shining One
Beogh

Shops:
Orc:1 [[(*(   Orc:2 =[*(   Elf:1 ((   Elf:3 [   Lair:6 [   Snake:3 *
Vaults:3 }   Vaults:4 ?[?   Vaults:5 [   Depths:1 [   Depths:2 [   Depths:3 ?:
Depths:5 }

Portals:
Hell: Depths:1 Depths:2 Depths:3 Depths:4 Depths:5
Abyss: Depths:1 Depths:4 Depths:5
Pandemonium: Depths:3 Depths:4
Ziggurat: Depths:1
Trove: Vaults:2 (give 11 potions of heal wounds)

Annotations:
D:4 Dowan
D:8 3 runed translucent doors, Lanoc's ghost, novice OpGl
Lair:5 3 runed translucent doors, Thalamas's ghost, journeyman MiBe
Depths:2 2 transporters, Ceal's ghost, adept TrMo


Innate Abilities, Weirdness & Mutations

You reflexively headbutt those who attack you in melee.
You have a pair of horns on your head.
Your mind is acute. (Int +2)
Your magical capacity is low. (-10% MP)
You are occasionally teleported next to monsters.
You are weak. (Str -2)
Potions are less effective at restoring your health.


Message History

GONNNNG!
The moth of wrath becomes distracted by the nearby gold, dreaming of imaginary riches.
You block the death cob's attack.
PTOANNNG!
The storm dragon bites you but does no damage.
The storm dragon claws you!
* * * LOW HITPOINT WARNING * * *
The storm dragon closely misses you.
The wandering mushroom barely misses you.
You furiously retaliate!
You headbutt the wandering mushroom, but do no damage.
You block the wandering mushroom's attack.
PANG!
The wandering mushroom releases spores at you.
* * * LOW HITPOINT WARNING * * *
You are engulfed in a cloud of spores!
The tentacled monstrosity tentacle-slaps you but does no damage.
The tentacled monstrosity tentacle-slaps you!
You die...
Your body crumbles into a pile of gold.

####....###..#♣$
..........$.©#⌠
.............#♣$q
.........p...#qq#
...D°........#*q
#....zf.{y...#8z
#...fzfXd...# ..
#..fD@Dd...# $ ..
##..ffdf...# $ #q#
##fff..$..###########
##.....$$...........
##...$.............
##.$$$$.........[.
##$.......$..(...
##.........!....
##...........<.


You could see an orb of fire (unaware), a Killer Klown, a tentacled monstrosity,
2 storm dragons, a green draconian, a purple draconian (berserk), a white
draconian (berserk), a curse toe, a death cob, a quicksilver dragon, a deathcap,
a moth of wrath (unaware) and 9 wandering mushrooms.

Vanquished Creatures
  the Royal Jelly (Slime:5)
  An orb of fire (Zot:2)
  An ancient lich (Depths:1)
  A curse toe (Zot:1)
  Nikola (Depths:3)
  6 golden dragons
  the Enchantress (Depths:5)
  2 bone dragons
  The ghost of Lanoc the Warrior, an adept FoGl of Ashenzari (Vaults:2)
  3 electric golems (Zot:1)
  7 tentacled monstrosities
  Rupert (Lair:2)
  Asterion (Elf:1)
  A deep elf blademaster (Elf:2)
  2 quicksilver dragons
  4 liches
  17 acid blobs
  3 titans
  2 death cobs
  Gastronok (D:8)
  5 sphinxes
  Kirke (Lair:6)
  The ghost of DavidChitty2 the Executioner, an adept MiBe of Trog (Snake:3)
  8 tengu reavers
  A thorn hunter (Swamp:4)
  4 shadow dragons
  4 storm dragons
  11 nagarajas
  6 draconian monks
  Roxanne (Swamp:1)
  3 iron dragons
  11 azure jellies
  Donald (Swamp:2)
  12 fire giants
  2 draconian knights
  An imperial myrmidon (Desolation)
  3 orc warlords
  A balrug (Depths:5)
  Aizul (Snake:4)
  4 deep elf sorcerers (Elf:3)
  15 frost giants
  2 draconian scorchers (Zot:1)
  4 draconian stormcallers
  17 vault wardens
  Louise (Depths:4)
  2 draconian annihilators
  23 stone giants
  3 war gargoyles (Vaults:5)
  6 draconian shifters
  23 very ugly things
  12 ironheart preservers
  7 spriggan defenders
  2 vampire knights
  5 deep elf annihilators
  9 black draconians
  4 deep elf demonologists
  3 green draconians
  Nessos (Orc:2)
  A minotaur (Gauntlet)
  A halazid warlock (Desolation)
  9 ettins
  5 purple draconians
  3 yellow draconians
  4 spark wasps (Depths:5)
  10 red draconians
  9 white draconians
  A spark wasp (shapeshifter) (D:15)
  Snorg (Orc:1)
  3 deep elf death magi
  4 crystal guardians (Desolation)
  8 death oozes (Slime:5)
  4 deep elf high priests
  A jiangshi (Depths:2)
  14 fire dragons
  The ghost of Weugil the Slicer, a journeyman HaBe of Trog (Lair:2)
  17 yaktaur captains
  Fannar (D:11)
  15 great orbs of eyes
  7 servants of whispers (Desolation)
  7 rakshasas
  32 vault guards
  10 peacekeepers
  6 spriggan air magi
  21 ice dragons
  5 ragged hierophants (Desolation)
  13 hydras
  15 naga warriors
  9 centaur warriors
  A shambling mangrove (Swamp:3)
  10 anacondas
  Erica (Orc:1)
  13 alligators
  60 two-headed ogres
  2 death knights (D:15)
  4 tengu warriors
  Urug (D:10)
  8 deep troll shamans
  3 death yaks (Lair:6)
  16 ogre magi
  3 deep troll earth magi
  A vampire mage (Depths:2)
  2 orc high priests
  9 naga sharpshooters
  4 spriggan berserkers
  3 shock serpents
  Nergalle (Lair:1)
  A soul eater (Gauntlet)
  A fire crab (shapeshifter) (Gauntlet)
  2 sun demons (Depths:5)
  9 hell knights
  Sonja (Orc:1)
  4 iron trolls
  10 skeletal warriors
  27 deep elf knights
  2 shadow wraiths
  A death drake (shapeshifter) (Depths:4)
  A titan skeleton (Depths:3)
  A salamander mystic (Snake:4)
  A storm dragon skeleton (Vaults:5)
  5 unseen horrors (D:15)
  A spriggan druid (Swamp:3)
  7 wizards
  15 deep trolls
  9 naga ritualists
  6 glowing orange brains
  3 swamp dragons
  4 harpies
  2 lindwurms (Depths:4)
  Pikel (D:7)
  3 flayed ghosts
  2 orange crystal statues
  20 deep elf archers
  23 ironbrand convokers
  4 phantasmal warriors
  21 orc knights
  A lindwurm (shapeshifter) (D:15)
  2 oklob plants (Lair:3)
  58 deep elf magi
  5 necromancers
  A tengu skeleton (Vaults:5)
  44 ugly things
  6 wolf spiders
  5 mana vipers
  4 orc sorcerers
  A mana viper (shapeshifter) (Gauntlet)
  10 cyclopes
  2 manticores
  4 shining eyes
  A shining eye (shapeshifter) (Vaults:5)
  2 manticores (shapeshifter) (Vaults:5)
  32 black mambas
  10 salamanders
  6 elephants (Lair:6)
  9 moths of wrath
  A salamander (shapeshifter) (Vaults:2)
  20 naga magi
  2 spectral shock serpents (Snake:3)
  16 vault sentinels
  Joseph (D:9)
  5 eyes of devastation
  12 guardian serpents
  A storm dragon simulacrum (Depths:3)
  A torpor snail (shapeshifter) (Vaults:5)
  29 spiny frogs
  3 gargoyles (D:15)
  A spiny frog (shapeshifter) (Vaults:1)
  An elf skeleton (Depths:3)
  A rime drake (Lair:6)
  12 freezing wraiths
  3 kobold demonologists
  8 komodo dragons
  63 yaktaurs
  A human skeleton (Vaults:5)
  A guardian mummy (Vaults:2)
  A komodo dragon (shapeshifter) (Elf:3)
  2 queen bees
  3 meliai (D:14)
  A spectral naga (Snake:3)
  A troll (shapeshifter) (Depths:4)
  A jumping spider (shapeshifter) (Vaults:5)
  A yaktaur (shapeshifter) (D:15)
  3 tengu conjurers
  3 polar bears (shapeshifter)
  A merfolk (shapeshifter) (Vaults:3)
  2 queen bees (shapeshifter)
  10 trolls
  8 tyrant leeches
  7 hornets
  78 slime creatures
  34 blink frogs
  4 bog bodies
  A tengu simulacrum (Vaults:2)
  69 saltlings (Desolation)
  A wind drake (shapeshifter) (Depths:4)
  4 hippogriffs
  2 hippogriffs (shapeshifter)
  A snapping turtle (shapeshifter) (Vaults:1)
  A frost giant simulacrum (Depths:3)
  A human simulacrum (Vaults:5)
  4 air elementals
  A vampire (D:14)
  Sigmund (D:5)
  2 centaur simulacra
  A spriggan skeleton (Depths:3)
  3 wyverns
  A redback (D:15)
  7 spriggans
  A tarantella (shapeshifter) (Depths:1)
  A wraith (D:15)
  4 shadows
  4 water elementals
  A spectral salamander (Snake:3)
  43 yaks
  A fire elemental (Elf:3)
  A golden eye (shapeshifter) (Depths:4)
  Grum (Lair:1)
  4 basilisks
  A basilisk (shapeshifter) (Gauntlet)
  4 hungry ghosts
  11 golden eyes
  4 swamp worm simulacra (Swamp:4)
  19 vampire mosquitoes
  2 steam dragons
  8 wargs
  Edmund (D:6)
  4 acid dragons
  16 hydra simulacra (Swamp:4)
  23 insubstantial wisps
  A soldier ant (D:15)
  17 swamp worms
  48 nagas
  6 porcupines
  20 water moccasins
  2 sky beasts
  2 floating eyes
  4 swamp drakes
  2 ice beasts
  An eye of draining (shapeshifter) (Vaults:1)
  61 orc warriors
  4 black bears
  16 boggarts
  39 ogres
  2 black mamba simulacra (Snake:3)
  A black bear (shapeshifter) (Vaults:5)
  3 eyes of draining
  A tengu (shapeshifter) (Depths:3)
  3 necrophages
  13 wolves
  8 crocodiles
  19 centaurs
  A crocodile (shapeshifter) (Elf:3)
  6 big kobolds
  Blork the orc (D:5)
  30 bullfrogs
  4 earth elementals
  2 wyvern skeletons
  2 scorpions
  58 killer bees
  8 wights
  3 howler monkeys (D:10)
  9 electric eels
  4 lava snakes (Snake:4)
  4 crimson imps
  31 orc priests
  5 centaur zombies
  8 hounds
  2 quasits
  8 bullfrog zombies
  5 centaur skeletons
  3 bullfrog skeletons (D:12)
  7 jellies
  Natasha (twice) (D:4)
  A gnoll shaman (D:4)
  Ijyb (D:4)
  3 iguanas
  38 orc wizards
  13 worker ants
  2 killer bee zombies (Ossuary)
  3 hound zombies (Ossuary)
  A hound skeleton (D:11)
  15 mummies (Ossuary)
  A howler monkey zombie (D:6)
  A worker ant zombie (D:10)
  Robin (D:3)
  16 adders
  4 naga simulacra (Snake:3)
  10 gnolls
  4 river rats (Sewer)
  11 shadow imps
  A white imp (Depths:3)
  4 swamp drake simulacra (Swamp:4)
  3 adder skeletons
  3 adder zombies
  5 worms
  2 dart slugs
  6 leopard geckos
  118 orcs
  3 ball pythons
  7 bats
  2 giant cockroaches
  21 goblins
  8 hobgoblins
  3 jackals
  3 quokkas
  3 frilled lizards
  A jackal skeleton (D:4)
  21 kobolds
  3 leopard gecko skeletons
  A leopard gecko zombie (Ossuary)
  A quokka skeleton (D:8)
  5 quokka zombies
  3 rats
  3 fungi
  5 plants
2478 creatures vanquished.

Vanquished Creatures (collateral kills)
  3 deep elf sorcerers (Elf:3)
  A deep elf demonologist (Elf:3)
  A deep elf knight (Elf:2)
5 creatures vanquished.

Vanquished Creatures (others)
  A draconian monk (Zot:2)
  A deep elf sorcerer (Elf:3)
  A fire giant (Vaults:5)
  2 deep elf elementalists (Elf:3)
  4 deep elf demonologists (Elf:3)
  A red draconian (Depths:5)
  A black draconian (Zot:2)
  3 deep elf annihilators (Elf:3)
  A deep elf high priest (Elf:3)
  A jiangshi (Depths:2)
  24 dancing weapons
  4 deep elf magi
  A black mamba (Snake:4)
  A yaktaur (Depths:3)
  An air elemental (Elf:3)
  2 humans (Lair:6)
  A naga (Depths:4)
  A warg (Vaults:4)
  An orc warrior (Vaults:5)
  A swamp drake (Swamp:2)
  A slave (D:7)
  An ogre (Depths:3)
  2 centaurs
  A bullfrog (Lair:6)
  A howler monkey (D:7)
  22 fungi
  37 plants
118 creatures vanquished.

Grand Total: 2601 creatures vanquished

Notes
Turn   | Place    | Note
-------+----------+-------------------------------------------
     0 | D:1      | MTVSty1e the Minotaur Fighter began the quest for the Orb.
     0 | D:1      | Reached XP level 1. HP: 19/19 MP: 0/0
    70 | D:1      | Found a shattered altar of Ashenzari.
   128 | D:1      | Reached skill level 3 in Axes
   250 | D:1      | Reached XP level 2. HP: 26/26 MP: 1/1
   745 | D:1      | Reached skill level 4 in Axes
   972 | D:2      | Reached XP level 3. HP: 27/31 MP: 2/2
  1024 | D:2      | Reached skill level 5 in Axes
  1173 | D:2      | Found a blossoming altar of Fedhas.
  1191 | D:2      | Found an opulent altar of Gozag.
  1194 | D:2      | Found a white marble altar of Elyvilon.
  1199 | D:2      | Became a worshipper of Gozag Ym Sagoz the Greedy
  1324 | D:3      | Reached XP level 4. HP: 35/39 MP: 3/3
  1365 | D:3      | Noticed Robin
  1380 | D:3      | Killed Robin
  1445 | D:3      | Reached skill level 6 in Axes
  1471 | D:3      | Found a glowing golden altar of the Shining One.
  1535 | D:3      | Found a transporter.
  1672 | D:3      | Found a transporter.
  1747 | D:3      | Reached XP level 5. HP: 7/45 MP: 4/4
  2136 | D:3      | Reached skill level 7 in Axes
  2479 | D:4      | Reached XP level 6. HP: 24/51 MP: 5/5
  2765 | D:4      | Noticed Ijyb
  2772 | D:4      | Killed Ijyb
  2826 | D:4      | Found a staircase to the Ecumenical Temple.
  2843 | D:4      | Found a shimmering altar of Xom.
  2873 | D:4      | Reached skill level 8 in Axes
  3012 | D:4      | Found a stormy altar of Qazlal.
  3025 | D:4      | Noticed Dowan
  3149 | D:4      | Noticed Natasha
  3156 | D:4      | Killed Natasha
  3156 | D:4      | Reached skill level 9 in Axes
  3184 | D:4      | Noticed Natasha
  3192 | D:4      | Killed Natasha
  3433 | D:5      | Entered Level 5 of the Dungeon
  3453 | D:5      | Noticed Blork the orc
  3454 | D:5      | You fall into a shaft and drop 1 floor!
  3459 | D:6      | Noticed Edmund
  3467 | D:6      | Killed Edmund
  3467 | D:6      | Reached XP level 7. HP: 42/57 MP: 6/6
  3622 | D:6      | Reached skill level 10 in Axes
  3863 | D:6      | Found a glowing drain.
  3880 | Sewer    | Entered a sewer
  3890 | Sewer    | Reached skill level 11 in Axes
  3990 | Sewer    | Reached XP level 8. HP: 54/64 MP: 7/7
  3993 | Sewer    | Found a white marble altar of Elyvilon.
  4155 | D:6      | Found a shadowy altar of Dithmenos.
  4364 | D:5      | Noticed Sigmund
  4382 | D:5      | Killed Sigmund
  4468 | D:5      | Killed Blork the orc
  4910 | D:6      | Reached skill level 12 in Axes
  4930 | D:6      | Found a shadowy altar of Dithmenos.
  4943 | D:6      | Reached skill level 5 in Fighting
  4943 | D:6      | Reached skill level 5 in Armour
  5062 | D:6      | Reached skill level 5 in Shields
  5075 | D:6      | Reached XP level 9. HP: 47/74 MP: 8/8
  5475 | D:7      | Found a sand-covered staircase.
  5479 | Ossuary  | Entered an ossuary
  6110 | D:7      | Found a sacrificial altar of Ru.
  6249 | D:7      | Found a shimmering blue altar of Sif Muna.
  6402 | D:7      | Identified Sif Muna's Collected Works on Aid
  6643 | D:7      | Noticed Pikel
  6656 | D:7      | Killed Pikel
  6656 | D:7      | Reached skill level 13 in Axes
  7131 | D:8      | Found a runed translucent gate.
  7131 | D:8      | Found a runed translucent gate.
  7131 | D:8      | Found a runed translucent gate.
  7133 | D:8      | Noticed Lanoc's ghost (novice OpGl)
  7208 | D:8      | Found a burning altar of Makhleb.
  7238 | D:8      | Reached XP level 10. HP: 74/86 MP: 9/9
  7551 | D:8      | Noticed Gastronok
  7572 | D:8      | Killed Gastronok
  7572 | D:8      | Reached skill level 14 in Axes
  8263 | D:9      | Noticed a two-headed ogre
  8276 | D:9      | Killed a two-headed ogre
  8618 | D:9      | Reached XP level 11. HP: 93/93 MP: 10/10
  8648 | D:9      | Noticed Joseph
  8682 | D:9      | Killed Joseph
  8837 | D:9      | Got a bound lapis lazuli ring
  8858 | D:9      | Found a sparkling altar of Nemelex Xobeh.
  8858 | D:9      | Found an ornate altar of the Wu Jian Council.
  8859 | D:9      | Identified the ring "Acisi Luse" {rC+ Int+3 Dex+6} (You
                  | found it on level 9 of the Dungeon)
  9113 | D:9      | Reached skill level 15 in Axes
  9180 | D:9      | Found a staircase to the Lair.
  9573 | D:10     | Entered Level 10 of the Dungeon
 10242 | D:10     | Noticed Urug
 10259 | D:10     | Killed Urug
 10486 | D:11     | Noticed a two-headed ogre
 10494 | D:11     | Killed a two-headed ogre
 10820 | D:11     | Noticed a brown ugly thing
 10838 | D:11     | Reached skill level 16 in Axes
 10847 | D:11     | Killed a brown ugly thing
 10974 | D:11     | Found a shimmering altar of Xom.
 10974 | D:11     | Found a shimmering altar of Xom.
 10974 | D:11     | Found a shimmering altar of Xom.
 10975 | D:11     | Found a shimmering altar of Xom.
 11104 | D:11     | Reached skill level 10 in Fighting
 11122 | D:11     | Noticed Fannar
 11132 | D:11     | Reached skill level 10 in Shields
 11134 | D:11     | Reached skill level 10 in Armour
 11140 | D:11     | Killed Fannar
 11140 | D:11     | Reached XP level 12. HP: 104/104 MP: 11/11
 11603 | Lair:1   | Entered Level 1 of the Lair of Beasts
 11739 | Lair:1   | Got a bloodstained falchion
 11740 | Lair:1   | Identified the +1 falchion of Valour {slice, rElec} (You
                  | found it on level 1 of the Lair of Beasts)
 11761 | Lair:1   | Noticed Nergalle
 11789 | Lair:1   | Killed Nergalle
 12145 | Lair:1   | Noticed Grum
 12163 | Lair:1   | Killed Grum
 12595 | Lair:2   | Reached skill level 17 in Axes
 12946 | Lair:2   | Found a transporter.
 12950 | Lair:2   | Found a transporter.
 13045 | Lair:2   | Noticed Weugil's ghost (journeyman HaBe)
 14210 | Lair:3   | Reached XP level 13. HP: 114/114 MP: 12/12
 14244 | Lair:3   | Noticed Rupert
 14898 | Lair:3   | Found a staircase to the Swamp.
 15914 | Lair:4   | Found a staircase to the Snake Pit.
 16003 | Lair:4   | Reached skill level 18 in Axes
 16609 | Lair:5   | Noticed a minotaur
 16614 | Lair:5   | Noticed Thalamas's ghost (journeyman MiBe)
 17106 | Lair:5   | Found a runed translucent gate.
 17106 | Lair:5   | Found a runed translucent gate.
 17106 | Lair:5   | Found a runed translucent gate.
 17315 | Lair:6   | Entered Level 6 of the Lair of Beasts
 17315 | Lair:6   | Found a staircase to the Slime Pits.
 19188 | Lair:6   | Reached XP level 14. HP: 127/127 MP: 13/13
 19255 | Lair:6   | Reached skill level 19 in Axes
 19282 | Lair:6   | Reached skill level 1 in Dodging
 19310 | Lair:6   | Noticed Kirke
 19321 | Lair:6   | Killed Kirke
 20251 | Lair:2   | Killed Rupert
 20481 | Lair:2   | Killed Weugil's ghost
 20578 | Lair:2   | Got a slimy golden amulet
 20579 | Lair:2   | Identified the amulet "Meott" {+Blink rF+ Regen+ Dex+3
                  | Stlth+} (You found it on level 2 of the Lair of Beasts)
 21596 | D:12     | Got a scorched battleaxe
 21738 | D:12     | Identified the +8 battleaxe "Pubiy" {protect, +Fly} (You
                  | found it on level 12 of the Dungeon)
 22032 | D:12     | Found a staircase to the Orcish Mines.
 22239 | D:13     | Found a gate to the Vaults.
 22645 | D:13     | Got an ichor-stained ring mail
 22646 | D:13     | Identified the +2 ring mail of the Mutiny {MR+ Int+3} (You
                  | found it on level 13 of the Dungeon)
 23009 | D:14     | Found a gate leading to a gauntlet.
 23024 | Gauntlet | Entered a Gauntlet
 23024 | Gauntlet | Found a transporter.
 23024 | Gauntlet | Found a transporter.
 23025 | Gauntlet | Found a transporter.
 23026 | Gauntlet | Found a transporter.
 23027 | Gauntlet | Found a transporter.
 23029 | Gauntlet | Found a transporter.
 23054 | Gauntlet | Found a runed translucent door.
 23054 | Gauntlet | Found a runed translucent door.
 23058 | Gauntlet | Found a transporter.
 23061 | Gauntlet | Found a transporter.
 23070 | Gauntlet | Found a transporter.
 23088 | Gauntlet | Found a transporter.
 23110 | Gauntlet | Found a transporter.
 23111 | Gauntlet | Found a transporter.
 23268 | Gauntlet | Got a translucent tin ring
 23271 | Gauntlet | Identified the ring of Intercession {rC+ Stlth+} (You found
                  | it in a Gauntlet)
 23361 | Gauntlet | Identified the +11 short sword "Fomil" {venom, +Fly Dex+10}
 23361 | Gauntlet | Identified the ring of Rismue {+Blink rN+ Int+3 Dex+3
                  | Stlth-}
 23516 | Gauntlet | Identified the Disquisition on Unstable Clay
 23571 | D:14     | Reached skill level 20 in Axes
 23828 | D:14     | Reached skill level 5 in Dodging
 24158 | D:14     | Reached XP level 15. HP: 126/136 MP: 12/14
 24408 | D:15     | Entered Level 15 of the Dungeon
 24827 | D:15     | Found a hazy altar of Hepliaklqana.
 24828 | D:15     | Found a blossoming altar of Fedhas.
 24828 | D:15     | Found a sacrificial altar of Ru.
 24927 | D:15     | Found a staircase to the Depths.
 25303 | D:15     | HP: 6/138 [spark wasp (shapeshifter) (11)]
 25883 | D:15     | Reached skill level 21 in Axes
 26454 | Orc:1    | Entered Level 1 of the Orcish Mines
 26727 | Orc:1    | Noticed Snorg
 26729 | Orc:1    | Noticed Erica
 26734 | Orc:1    | Killed Erica
 26744 | Orc:1    | Killed Snorg
 26870 | Orc:1    | Noticed Sonja
 26880 | Orc:1    | Killed Sonja
 26880 | Orc:1    | Reached XP level 16. HP: 146/147 MP: 15/15
 27425 | Orc:2    | Entered Level 2 of the Orcish Mines
 27425 | Orc:2    | Found a staircase to the Elven Halls.
 27524 | Orc:2    | Noticed Nessos
 27542 | Orc:2    | Killed Nessos
 27802 | Orc:2    | Found a roughly hewn altar of Beogh.
 27821 | Orc:2    | Found Hips's Jewellery Boutique.
 27827 | Orc:2    | Found Zirydint's General Store.
 27938 | Orc:2    | Bought 2 scrolls of blinking for 210 gold pieces
 27938 | Orc:2    | Bought a +0 broad axe for 56 gold pieces
 27938 | Orc:2    | Bought 2 potions of heal wounds for 140 gold pieces
 28056 | Orc:2    | Found Loq Geoc's Antique Weapon Boutique.
 28099 | Orc:2    | Reached skill level 15 in Fighting
 28141 | Orc:2    | Found Eskocveg's Antique Armour Boutique.
 28147 | Orc:2    | Bought a pair of glowing gloves for 232 gold pieces
 28509 | Orc:1    | Bought an encrusted ring mail for 297 gold pieces
 28509 | Orc:1    | Bought an embroidered cloak for 247 gold pieces
 28509 | Orc:1    | Bought a pair of glowing boots for 247 gold pieces
 28529 | Orc:1    | Identified a +2 pair of boots of running (You bought it in
                  | a shop on level 1 of the Orcish Mines)
 28532 | Orc:1    | Identified the +2 ring mail of Ogulaf {rElec rN+ MR-
                  | Dex+10} (You bought it in a shop on level 1 of the Orcish
                  | Mines)
 28546 | Orc:1    | Bought a glowing cloak for 150 gold pieces
 28664 | Orc:1    | Bought a scroll of identify for 40 gold pieces
 28909 | Snake:1  | Entered Level 1 of the Snake Pit
 29074 | Snake:1  | Reached skill level 15 in Armour
 30574 | Snake:2  | Found a shimmering blue altar of Sif Muna.
 30740 | Snake:3  | Found Ieaxt's Incredible Inventory.
 30761 | Snake:3  | Bought the ring of Ocius {MR+ Int+3 Dex+2} for 650 gold
                  | pieces
 30832 | Snake:3  | Reached skill level 22 in Axes
 31492 | Snake:3  | Found a runed translucent gate.
 31493 | Snake:3  | Found a runed translucent gate.
 31494 | Snake:3  | Found a runed translucent gate.
 31497 | Snake:3  | Noticed DavidChitty2's ghost (adept MiBe)
 31752 | Snake:3  | Killed DavidChitty2's ghost
 31765 | Snake:3  | Identified the +5 pair of boots of Nobility {Str+3} (You
                  | found it on level 3 of the Snake Pit)
 31920 | Snake:3  | Reached XP level 17. HP: 131/157 MP: 16/16
 32131 | Snake:4  | Entered Level 4 of the Snake Pit
 32283 | Snake:4  | Found a glowing silver altar of Zin.
 32488 | Snake:4  | Reached skill level 10 in Dodging
 33182 | Snake:4  | Noticed Aizul
 33200 | Snake:4  | Killed Aizul
 33378 | Snake:4  | Reached skill level 23 in Axes
 33608 | Snake:4  | Got a serpentine rune of Zot
 34276 | Elf:1    | Entered Level 1 of the Elven Halls
 34340 | Elf:1    | Found a frozen archway.
 34363 | Elf:1    | Found Wugg's Antique Weapon Shoppe.
 34472 | Elf:1    | Found an ancient bone altar of Kikubaaqudgha.
 34490 | Elf:1    | Found a ruined gateway.
 34498 | Desolati | Entered the Desolation of Salt
 34511 | Desolati | Found the +18 shield of the Gong {rElec rN+ MR+ EV-5}
 34914 | Desolati | Identified the +1 battleaxe of the Thing {elec, SInv} (You
                  | found it in the Desolation of Salt)
 34961 | Desolati | Got a scorched iron ring
 34962 | Desolati | Identified the ring of Trog's Esteem {+Fly rF- rN++} (You
                  | found it in the Desolation of Salt)
 34964 | Desolati | Got a shimmering zirconium amulet
 34965 | Desolati | Identified the amulet of Sloth {rPois rF++ Regen+} (You
                  | found it in the Desolation of Salt)
 34968 | Desolati | Identified the Handbook of Stolen Souls and Earth
 35009 | Desolati | Identified the Disquisition on Hurtful Air
 35030 | Desolati | Reached XP level 18. HP: 166/168 MP: 17/17
 35530 | Desolati | Got an ancient marble ring
 35533 | Desolati | Identified the ring "Tuikyoc" {rF- Str+4 Dex+3 Stlth+} (You
                  | found it in the Desolation of Salt)
 35592 | Desolati | Identified the amulet of Poynufaj {Spirit Int+4} (You found
                  | it in the Desolation of Salt)
 35809 | Elf:1    | Noticed Asterion
 36015 | Elf:1    | Killed Asterion
 36015 | Elf:1    | Reached skill level 24 in Axes
 36628 | Elf:1    | Found Paissoax's Antique Weapon Shoppe.
 37145 | Elf:2    | Found a flickering gateway to a bazaar.
 37157 | Bazaar   | Entered a bazaar
 37161 | Bazaar   | Found Moary's Book Boutique.
 37179 | Bazaar   | Found Goepis's Antique Weapon Emporium.
 37196 | Bazaar   | Found Bulots's Assorted Antiques.
 37201 | Bazaar   | Bought a scroll of enchant weapon for 120 gold pieces
 37203 | Bazaar   | Bought a scroll of identify for 32 gold pieces
 37215 | Bazaar   | Found Enlef's Distillery.
 37220 | Bazaar   | Bought a potion of haste for 120 gold pieces
 37220 | Bazaar   | Bought a potion of flight for 36 gold pieces
 37220 | Bazaar   | Bought a potion of heal wounds for 60 gold pieces
 37220 | Bazaar   | Bought a potion of haste for 120 gold pieces
 37220 | Bazaar   | Bought a potion of mutation for 96 gold pieces
 37220 | Bazaar   | Bought a potion of berserk rage for 60 gold pieces
 37220 | Bazaar   | Bought a potion of heal wounds for 60 gold pieces
 37220 | Bazaar   | Bought 2 potions of curing for 72 gold pieces
 38044 | Elf:2    | Found a huge runed translucent gate.
 38044 | Elf:2    | Found a huge runed translucent gate.
 38044 | Elf:2    | Found a huge runed translucent gate.
 38044 | Elf:2    | Found a huge runed translucent gate.
 38049 | Elf:2    | Found a huge runed translucent gate.
 38317 | Elf:2    | Reached XP level 19. HP: 177/177 MP: 18/18
 38458 | Elf:3    | Entered Level 3 of the Elven Halls
 38593 | Elf:3    | Found Biocw's Armour Shoppe.
 39014 | Elf:3    | Identified the cursed +1 leather armour of Ixirilof
                  | {*Corrode +Blink Stlth+}
 39014 | Elf:3    | Identified the amulet of Birdsong {+Rage Str+2}
 39024 | Elf:3    | Noticed a Brimstone Fiend
 39317 | Elf:3    | Identified the +10 chain mail of Submission {-Tele Str+7
                  | Int+9 Dex-4}
 39361 | Elf:3    | Identified the Volume of Heat
 39857 | Swamp:1  | Entered Level 1 of the Swamp
 39863 | Swamp:1  | Identified Roxanne's Reference Book on Moulding
 39863 | Swamp:1  | Noticed Roxanne
 39882 | Swamp:1  | Killed Roxanne
 40816 | Swamp:2  | Noticed Donald
 40827 | Swamp:2  | Killed Donald
 40974 | Swamp:2  | Reached skill level 25 in Axes
 42124 | Swamp:4  | Entered Level 4 of the Swamp
 42734 | Swamp:4  | Got a decaying rune of Zot
 43486 | Vaults:1 | Entered Level 1 of the Vaults
 43567 | Vaults:1 | Reached XP level 20. HP: 189/189 MP: 19/19
 43809 | Vaults:1 | Reached skill level 15 in Shields
 45282 | Vaults:2 | Reached skill level 26 in Axes
 45597 | Vaults:2 | Found a portal to a secret trove of treasure.
 45837 | Vaults:2 | Found a large runed translucent door.
 45837 | Vaults:2 | Found a large runed translucent door.
 45844 | Vaults:2 | Noticed Lanoc's ghost (adept FoGl)
 45878 | Vaults:2 | Killed Lanoc's ghost
 46397 | Vaults:2 | Identified the +3 scythe of the Stork {pain, MR+ Int+4
                  | Dex+2} (You found it on level 2 of the Vaults)
 46642 | Vaults:3 | Reached XP level 21. HP: 198/198 MP: 20/20
 46919 | Vaults:3 | Found Taradod's Gadget Boutique.
 46996 | Vaults:3 | Found a staircase to the Crypt.
 48080 | Vaults:4 | Found Jifitigi's Food Shop.
 48091 | Vaults:4 | Bought a ration for 60 gold pieces
 48091 | Vaults:4 | Bought a ration for 60 gold pieces
 48091 | Vaults:4 | Bought a ration for 60 gold pieces
 48091 | Vaults:4 | Bought a ration for 60 gold pieces
 48091 | Vaults:4 | Bought a ration for 60 gold pieces
 48091 | Vaults:4 | Bought a ration for 60 gold pieces
 48091 | Vaults:4 | Bought a ration for 60 gold pieces
 48091 | Vaults:4 | Bought a ration for 60 gold pieces
 48091 | Vaults:4 | Bought a ration for 60 gold pieces
 48228 | Vaults:4 | Reached skill level 15 in Dodging
 48367 | Vaults:4 | Bought a scroll of teleportation for 57 gold pieces
 48367 | Vaults:4 | Bought a scroll of identify for 38 gold pieces
 48367 | Vaults:4 | Bought a scroll of acquirement for 988 gold pieces
 48367 | Vaults:4 | Bought 2 scrolls of enchant weapon for 285 gold pieces
 48367 | Vaults:4 | Bought a scroll of magic mapping for 66 gold pieces
 48367 | Vaults:4 | Bought a scroll of identify for 38 gold pieces
 48502 | Vaults:4 | Reached skill level 27 in Axes
 48921 | Vaults:4 | Bought a scroll of identify for 20 gold pieces
 48921 | Vaults:4 | Bought 2 scrolls of teleportation for 60 gold pieces
 48921 | Vaults:4 | Bought a scroll of remove curse for 30 gold pieces
 48921 | Vaults:4 | Bought a scroll of enchant armour for 75 gold pieces
 48921 | Vaults:4 | Bought a scroll of identify for 20 gold pieces
 48921 | Vaults:4 | Bought a scroll of teleportation for 30 gold pieces
 48921 | Vaults:4 | Bought a scroll of remove curse for 30 gold pieces
 48941 | Vaults:5 | Entered Level 5 of the Vaults
 49097 | Vaults:4 | Reached XP level 22. HP: 196/209 MP: 21/21
 49151 | Vaults:5 | Noticed a golden dragon
 49174 | Vaults:5 | Identified the +10 quarterstaff "Ilivvucohi" {crush, rElec}
 49189 | Vaults:5 | Killed a golden dragon
 49416 | Vaults:5 | Reached XP level 23. HP: 181/220 MP: 22/22
 49631 | Vaults:5 | Found Suguni's Armour Shoppe.
 49839 | Vaults:5 | Got a vibrating golden ring
 49842 | Vaults:5 | Identified the ring "Zankemyh" {rC+ rN+ MR+} (You found it
                  | on level 5 of the Vaults)
 49847 | Vaults:5 | Identified the cursed -4 large shield of Philately {rC+
                  | Str+3 Stlth+} (You found it on level 5 of the Vaults)
 49921 | Vaults:5 | Found the +8 mithril axe "Arga" {speed, MR+}
 49927 | Vaults:5 | Found the +12 Vampire's Tooth {vamp}
 49957 | Vaults:5 | Got a silver rune of Zot
 50347 | Vaults:5 | Found the +27 Lear's hauberk
 50653 | Slime:1  | Entered Level 1 of the Pits of Slime
 50771 | Slime:3  | Gained mutation: Your spells are a little easier to cast,
                  | but a little less powerful. [a shining eye]
 50786 | Slime:3  | Gained mutation: You tend to lose your temper in combat. [a
                  | shining eye]
 50832 | Slime:4  | Paralysed by a floating eye for 2 turns
 51034 | Slime:5  | Entered Level 5 of the Pits of Slime
 51158 | Slime:5  | Gained mutation: You are weak. (Str -2) [a shining eye]
 51174 | Slime:5  | Gained mutation: You are frail. (-10% HP) [a shining eye]
 51176 | Slime:5  | Gained mutation: Armour fits poorly on your strangely
                  | shaped body. [a shining eye]
 51188 | Slime:5  | Gained mutation: You occasionally shout uncontrollably at
                  | your foes. [a shining eye]
 51196 | Slime:5  | Gained mutation: You are very frail. (-20% HP) [a shining
                  | eye]
 51197 | Slime:5  | Gained mutation: Your magical capacity is low. (-10% MP) [a
                  | shining eye]
 51210 | Slime:5  | Noticed the Royal Jelly
 51232 | Slime:5  | Killed the Royal Jelly
 51269 | Slime:5  | Found the +3 robe of Clouds {+Thunder rCloud rElec}
 51292 | Slime:5  | Got a slimy rune of Zot
 51324 | Slime:5  | Identified the Collected Works on Hexes and Augmentations
 51555 | Lair:6   | Lost mutation: You are weak. (Str -2) [potion of mutation]
 51555 | Lair:6   | Lost mutation: Your magical capacity is low. (-10% MP)
                  | [potion of mutation]
 51555 | Lair:6   | Lost mutation: You tend to lose your temper in combat.
                  | [potion of mutation]
 51555 | Lair:6   | Gained mutation: You are dopey. (Int -2) [potion of
                  | mutation]
 51555 | Lair:6   | Gained mutation: You have sharp toenails. [potion of
                  | mutation]
 51556 | Lair:6   | Lost mutation: Your spells are a little easier to cast, but
                  | a little less powerful. [potion of mutation]
 51556 | Lair:6   | Lost mutation: Armour fits poorly on your strangely shaped
                  | body. [potion of mutation]
 51556 | Lair:6   | Gained mutation: Scrolls take you a little longer to read.
                  | [potion of mutation]
 51556 | Lair:6   | Lost mutation: You are very frail. (-20% HP) [potion of
                  | mutation]
 51556 | Lair:6   | Gained mutation: You do not regenerate when monsters are
                  | visible. [potion of mutation]
 51556 | Lair:6   | Lost mutation: You are dopey. (Int -2) [potion of mutation]
 51557 | Lair:6   | Lost mutation: You are frail. (-10% HP) [potion of
                  | mutation]
 51557 | Lair:6   | Lost mutation: Scrolls take you a little longer to read.
                  | [potion of mutation]
 51557 | Lair:6   | Lost mutation: You occasionally shout uncontrollably at
                  | your foes. [potion of mutation]
 51557 | Lair:6   | Lost mutation: You have sharp toenails. [potion of
                  | mutation]
 51557 | Lair:6   | Gained mutation: Your body sometimes deteriorates upon
                  | taking damage. [potion of mutation]
 51557 | Lair:6   | Gained mutation: You have a pair of large horns on your
                  | head. [potion of mutation]
 51558 | Lair:6   | Lost mutation: Your body sometimes deteriorates upon taking
                  | damage. [potion of mutation]
 51558 | Lair:6   | Lost mutation: You have a pair of large horns on your head.
                  | [potion of mutation]
 51558 | Lair:6   | Lost mutation: You do not regenerate when monsters are
                  | visible. [potion of mutation]
 51558 | Lair:6   | Gained mutation: You are weak. (Str -2) [potion of
                  | mutation]
 51558 | Lair:6   | Gained mutation: Your mind is acute. (Int +2) [potion of
                  | mutation]
 51558 | Lair:6   | Gained mutation: Your mind is very acute. (Int +4) [potion
                  | of mutation]
 51852 | Depths:1 | Entered Level 1 of the Depths
 52031 | Depths:1 | Found a one-way gate to the infinite horrors of the Abyss.
 52187 | Depths:1 | Noticed an ancient lich
 52189 | Depths:1 | Found a gateway to a ziggurat.
 52208 | Depths:1 | Killed an ancient lich
 52292 | Depths:1 | Found a gateway to Hell.
 52817 | Depths:2 | Found a transporter.
 52817 | Depths:2 | Noticed Ceal's ghost (adept TrMo)
 52819 | Depths:2 | Found a transporter.
 52892 | Depths:2 | Reached XP level 24. HP: 223/234 MP: 22/22
 53295 | Depths:2 | Identified the cursed +0 robe of the Inquisitive Mice {rC+
                  | Int+3 Dex+7 Slay-4}
 53747 | Depths:3 | Noticed Nikola
 53860 | Depths:3 | Killed Nikola
 54099 | Depths:3 | Found a one-way gate leading to the halls of Pandemonium.
 54147 | Depths:3 | Found a snail-covered altar of Cheibriados.
 54320 | Depths:3 | Found Omi Cus's Book Shop.
 54320 | Depths:3 | Found Qiaff's Magic Scroll Boutique.
 54334 | Depths:3 | Bought a scroll of magic mapping for 73 gold pieces
 54687 | Depths:4 | Identified the amulet of Sizejoke {Acrobat +Blink rF-
                  | Slay+6}
 54811 | Depths:4 | Paralysed by a floating eye for 4 turns
 55032 | Depths:4 | Identified the amulet of Obloo {-Tele +Fly rPois MR+
                  | Regen+}
 55190 | Depths:4 | Reached XP level 25. HP: 246/246 MP: 22/22
 55790 | Depths:4 | Noticed Louise
 55799 | Depths:4 | Killed Louise
 56318 | Depths:5 | Entered Level 5 of the Depths
 56351 | Depths:5 | Noticed the Enchantress
 56376 | Depths:5 | Killed the Enchantress
 56855 | Depths:5 | Found a gate to the Realm of Zot.
 57538 | Zot:1    | Entered Level 1 of the Realm of Zot
 57728 | Depths:5 | Upgraded the game from 0.24.0-10-g970556be89 to
                  | 0.24.0-13-gcf9b3192b9
 58992 | Zot:2    | Noticed an orb of fire
 58994 | Zot:2    | Gained mutation: Potions are less effective at restoring
                  | your health. [an orb of fire]
 58995 | Zot:2    | Lost mutation: Your mind is very acute. (Int +4) [an orb of
                  | fire]
 59015 | Zot:2    | Gained mutation: Your magical capacity is low. (-10% MP)
                  | [an orb of fire]
 59017 | Zot:2    | Gained mutation: You are occasionally teleported next to
                  | monsters. [an orb of fire]
 59021 | Zot:2    | Killed an orb of fire
 59022 | Zot:2    | Reached XP level 26. HP: 259/260 MP: 19/19
 59586 | Zot:3    | Noticed an orb of fire
 59595 | Zot:3    | HP: 9/261 [storm dragon (11)]
 59595 | Zot:3    | HP: 3/261 [wandering mushroom[a curse toe] (6)]
 59595 | Zot:3    | Slain by a tentacled monstrosity

Levels and vault maps discovered:
D:1:      dpeg_arrival_simpleton_c, layout_basic, evilmike_ruin_ashenzari
D:2:      layout_basic, fedhas_altar_2, grunt_temple_overflow_open,
          corexii_leaking_fountain
D:3:      gammafunk_wand_slinger, layout_loops_corners, lemuel_doored_altar,
          uniq_robin
D:4:      wander_river, layout_basic, xom_butterflies,
          nicolae_qazlal_general_emergency, minmay_temple_entry_crystal_x,
          kennysheep_path_1, uniq_ijyb, uniq_natasha, uniq_duvessa
D:5:      layout_loops_ring, first_ration, uniq_sigmund, uniq_blork_the_orc
D:6:      layout_loops_ring, lemuel_crystal_altar, cheibrodos_sewer_entry_bend,
          nicolae_dithmenos_through_a_glass_darkly, uniq_edmund
D:7:      layout_basic, led_sif_book, overflow_temple_1_default,
          enter_ossuary_5, uniq_pikel
D:8:      layout_loops_ring, overflow_temple_1_default,
          ebering_ghost_rock_garden, hex_medium, blue_anna_alchemist
          [blue_anna_fruit_fields, blue_anna_fruit_fields],
          minmay_diamond_spiral, uniq_gastronok
D:9:      layout_irregular_city, gammafunk_temple_overflow_statue,
          grunt_lair_entry_orc_guard_hut, chequers_decorated_corner, uniq_joseph
D:10:     layout_roguey, uniq_urug
D:11:     layout_gridville, xom_shifter_show, uniq_fannar
D:12:     layout_loops_corners, erik_orc_2
D:13:     layout_basic, david_vaults_2
D:14:     layout_irregular_city, gauntlet_entry_generic, minmay_staircase_bubble
D:15:     hangedman_slaughterboxes
Lair:1:   layout_regular_city, lemuel_fruit_tree, grunt_megastairs_4,
          uniq_nergalle, uniq_grum
Lair:2:   layout_chaotic_city, gammafunk_ghost_hive, fungi_pond_lemuel,
          serial_bayou_lake_a
Lair:3:   layout_misc_corridors, swamp_mist_pool, special_room
          [special_room_bee], infiniplex_staircase_pool,
          minmay_lair_oklob_chamber, grunt_megastairs_1, uniq_rupert
Lair:4:   layout_cave_pods, minmay_snake_entry_six_corridors,
          chequers_serial_rivers_large_b
Lair:5:   layout_gridlike, maelrawn_ghost_gauntlet_escape
Lair:6:   minmay_lair_end_frog_pond, layout_regular_city,
          minmay_slime_entry_pillars, lookout_lair_type, uniq_kirke
Swamp:1:  layout_falls_marsh, nicolae_swamp_dense_foliage, swamp_pool3,
          nicolae_swamp_treefoil, hangedman_swamp_blocks, uniq_roxanne
Swamp:2:  layout_basic_swamp, evilmike_swamp_ruin_house_1, uniq_donald
Swamp:3:  layout_falls_marsh, evilmike_swamp_ruin_rubble_1
Swamp:4:  swamp_icy, layout_basic_swamp
Snake:1:  layout_layer_cave, grunt_ministairs_6
Snake:2:  layout_misc_corridors, basic_altar
Snake:3:  layout_chambers, gammafunk_ghost_necromancy, nicolae_alphabet_shops
Snake:4:  snake_pit, layout_basic, basic_altar, uniq_aizul
Slime:1:  nicolae_slime_jelly_donut, layout_caves
Slime:2:  layout_caves, nicolae_slime_barrier
Slime:3:  layout_caves
Slime:4:  layout_caves
Slime:5
Orc:1:    cheibrodos_orc_arena, layout_diamond_mine, uniq_snorg, uniq_erica,
          uniq_sonja
Orc:2:    grunt_orc_cross, layout_diamond_mine, uniq_nessos
Elf:1:    elf_arrival_001, layout_onion_city, serial_shops, nicolae_shop_stone,
          shop, portal_desolation_entry_twin_temple, basic_altar,
          portal_ice_cave_entry_pillars_four, uniq_asterion
Elf:2:    layout_onion_city, serial_shops, bzr_entry_islet, minivault_15,
          minivault_19, corexii_hall_statues_i
Elf:3:    grunt_elf_hall_asides, layout_loops_corners, serial_shops,
          nicolae_shop_crystal, hex_large
Vaults:1: v_misc_1, nicolae_vaults_rhombus_6, vaults_room_boxed,
          hangedman_vaults_stream, v_misc_16, nicolae_vaults_little_squares_1,
          v_misc_10, vaults_room_grid, nicolae_vaults_ring_of_whatevers,
          ontoclasm_vaults_shuriken, nicolae_vaults_little_squares_4,
          vaults_room_stairs_pillars, vaults_room_stairs_pillars,
          layout_vaults_big_cross
Vaults:2: ebering_vaults_ghost_disaster_area, vaults_dpeg_diagonal,
          hangedman_vaults_trim, nicolae_vaults_circle_grid_a,
          hangedman_vaults_unwind, v_misc_4, hangedman_vaults_maws,
          nicolae_vaults_big_ls, vaults_mumra_hex, nicolae_vaults_theta,
          v_misc_24, nicolae_vaults_little_ls, ontoclasm_vaults_gateway,
          ontoclasm_vaults_fault, layout_vaults_maze_bifur,
          nicolae_trove_entry_path_of_doom
Vaults:3: vaults_room_pools, ontoclasm_vaults_shout, v_misc_17,
          nicolae_vaults_big_angled_halls, minmay_crypt_entry_nasty_monster,
          nicolae_vaults_big_angled_halls, v_misc_5, layout_vaults_big_room,
          serial_shops, shop
Vaults:4: hangedman_vaults_stitches, hangedman_vaults_river_flow, v_rooms_5,
          st_cross, v_misc_11, vaults_room_fours, v_misc_16,
          vaults_mumra_chevron_long, ontoclasm_vaults_ligature, v_pattern_3,
          layout_vaults_omnibox, serial_shops, shop
Vaults:5: serial_shops
Depths:1: layout_small_grid, enter_ziggurat_d, abyss_entry_small_statue_room,
          hell_entry, serial_sigils_hangedman_quiver,
          chequers_serial_rivers_small_a, grunt_ministairs_12, minivault_16,
          small_chamber_with_monster, hangedman_decor_clover_reticule
Depths:2: evilmike_halls_of_destruction, layout_small_grid,
          hangedman_tar_grid_catacomb, gammafunk_ghost_mausoleum
Depths:3: nicolae_whirlpool, layout_cave_pools, hell_entry, cheibriados_altar_1,
          grunt_pan_entry_in_and_out, library_closet, hangedman_decor_opposing,
          lemuel_old_faithful, minmay_shoptagon, uniq_nikola, uniq_frederick
Depths:4: minmay_spiral_squares, layout_basic, hell_entry, minmay_misc_feat_iff,
          nicolae_abyss_entry_one_way_or_another, pan_entry,
          minmay_serpent_palace
Depths:5: grunt_zot_entry_funnels, layout_basic, marbit_kobold_abyss_entry,
          minmay_crystal_room, lightli_too_deep, serial_bayou_shore_b,
          uniq_enchantress, uniq_boris
Zot:1:    layout_gridlike, lemuel_golem_globe, grunt_megastairs_3
Zot:2:    layout_misc_corridors
Zot:3:    gammafunk_sealed_library, layout_onion, st_small_dragon_hoard_2

Skill      XL: |  1  2  3  4  5  6  7  8  9 10 11 12 13 14 15 16 17 18 19 20 21 22 23 24 25 26 |
---------------+-------------------------------------------------------------------------------+-----
Axes           | 3 4 5 6 7 9 11 12 13 14 16 17 18 20 21 22 23 24 25 26 27 | 27.0
Fighting       | 5 7 8 10 11 12 13 14 15 16 17 18 19 21 22 24 25 26 | 26.3
Armour         | 5 6 8 10 11 12 13 14 15 16 17 18 20 21 22 23 24 25 | 25.1
Shields        | 5 6 8 10 11 12 13 14 15 16 18 19 20 22 | 22.8
Dodging        | 5 7 9 11 12 13 14 15 16 17 18 19 | 19.8

Action                   |  1- 3 |  4- 6 |  7- 9 | 10-12 | 13-15 | 16-18 | 19-21 | 22-24 | 25-27 || total
-------------------------+-------+-------+-------+-------+-------+-------+-------+-------+-------++-------
Melee: War axe           |    72 |   162 |   188 |       |       |       |       |       |       ||   422
       Headbutt          |     8 |    18 |    88 |   224 |   486 |   390 |   616 |   498 |   234 ||  2562
       Hand axe          |       |       |   260 |   921 |  1121 |       |       |       |       ||  2302
       Battleaxe         |       |       |       |       |   436 |   911 |       |       |       ||  1347
       Spear             |       |       |       |       |    27 |       |       |       |       ||    27
       Unarmed           |       |       |       |       |     1 |       |       |       |       ||     1
       Broad axe         |       |       |       |       |       |   247 |  1654 |  1210 |   669 ||  3780
Invok: Potion Petition   |       |       |     1 |       |       |     1 |     1 |       |       ||     3
       Call Merchant     |       |       |       |       |       |     5 |     3 |     3 |     1 ||    12
       Bribe Branch      |       |       |       |       |       |     1 |       |       |       ||     1
 Abil: Evoke Flight      |       |     2 |     1 |       |       |       |       |       |       ||     3
       Evoke Blink       |       |       |       |       |     1 |       |       |       |       ||     1
Evoke: Wand              |       |       |       |       |    16 |     1 |       |       |       ||    17
  Use: Scroll            |       |    10 |    11 |     8 |    17 |    24 |    13 |     8 |       ||    91
       Potion            |       |     6 |     4 |     3 |    13 |     7 |     1 |    10 |     5 ||    49
 Stab: Distracted        |       |       |     4 |     4 |    11 |    31 |    36 |    53 |     9 ||   148
       Sleeping          |       |       |       |       |     7 |    11 |     2 |     1 |       ||    21
       Paralysed         |       |       |       |       |     1 |       |       |       |       ||     1
       Confused          |       |       |       |       |       |       |     1 |       |     1 ||     2
  Eat: Ration            |     1 |     1 |     4 |     7 |    13 |    10 |    10 |     6 |     5 ||    57
       Chunk             |     1 |       |       |       |       |       |       |       |       ||     1
Armor: Scale mail        |    39 |    49 |    39 |       |       |       |       |       |       ||   127
       Plate armour      |       |       |   132 |   295 |   301 |       |       |       |       ||   728
       Skin              |       |       |       |       |     6 |       |       |       |       ||     6
       Ring mail         |       |       |       |       |   199 |   272 |   130 |   110 |    30 ||   741
       Acid dragon scale |       |       |       |       |       |       |       |       |   131 ||   131
Dodge: Dodged            |    16 |    33 |    67 |   122 |   438 |   660 |   256 |   294 |   273 ||  2159
Block: Shield            |    30 |    75 |   167 |   406 |   509 |   214 |  1465 |  1187 |   877 ||  4930
